 Dungeon Crawl Stone Soup version 0.31-a0-236-g9a0961fb85 (webtiles) character file.

Game seed: 9721063970631839399

1 qw the Vexing (level 1, -4/12 HPs)
             Began as a Gargoyle Hexslinger on July 10, 2023.
             Slain by a gnoll
             ... wielding a +0 spear
              (7 damage)
             ... on level 1 of the Dungeon.
             The game lasted 00:00:04 (187 turns).

qw the Vexing (Gargoyle Hexslinger)                  Turns: 187, Time: 00:00:05

Health: -4/12      AC:  2    Str: 11    XL:     1   Next: 20%
Magic:  2/2        EV: 12    Int: 13    God:
Gold:   20         SH:  0    Dex: 12    Spells: 1/2 levels left

rFire   . . .        a - +1 sling
rCold   . . .        (no shield)
rNeg    + . .        (no body armour)
rPois   inf          (no helmet)
rElec   +            (no cloak)
rCorr   .            (no gloves)
SInv    .            (no boots)
Will    .....        (no amulet)
Stlth   +            (no ring)
HPRegen 0.22/turn    (no ring)
MPRegen 0.08/turn

%: no passive effects
@: no status effects
A: sickness immunity, AC +2, negative energy resistance 1, electricity
resistance, torment resistance 1, petrification resistance
a: no special abilities


You were on level 1 of the Dungeon.
You visited 1 branch of the dungeon, and saw 1 of its levels.

You collected 20 gold pieces.


Innate Abilities, Weirdness & Mutations

You are immune to sickness and miasma.
Your stone body is resilient. (AC +2)
You are immune to poison.
You resist negative energy. (rN+)
You are resistant to electric shocks. (rElec)
You are resistant to unholy torment.
You are immune to petrification.


   Skills:
 - Level 1.1 Fighting
 + Level 2.1 Ranged Weapons
 - Level 1.5 Dodging
 - Level 1.0 Spellcasting
 - Level 2.6 Hexes


You had one spell level left.
You knew the following spells:

 Your Spells              Type           Power      Damage    Failure   Level
a - Slow                  Hex            28%        N/A       10%         1

Your spell library contained the following spells:

 Spells                   Type           Power      Damage    Failure   Level
 Inner Flame              Hex/Fire       4%         N/A       43%         3
 Portal Projectile        Hex/Tloc       8%         N/A       43%         3
 Cause Fear               Hex            3%         N/A       67%         4

Inventory:

Hand Weapons
 a - a +1 sling (weapon)
Armour
 c - a +0 robe
 d - a +0 leather armour
Scrolls
 b - a scroll of poison
 f - a scroll of noise {unknown}
Potions
 e - a potion of magic {unknown}

Dungeon Overview and Level Annotations

Branches:
Dungeon (1/15)

Altars:

Annotations:
D:1 exclusion: gnoll


Message History

The gnoll is moderately wounded.
You shoot a sling bullet.
The sling bullet closely misses the gnoll.
You shoot a sling bullet.
The sling bullet barely misses the gnoll.
The gnoll hits you but does no damage.
You shoot a sling bullet.
The sling bullet hits the gnoll but does no damage.
The gnoll is moderately wounded.
The gnoll hits you from afar with a +0 spear.
You shoot a sling bullet. The sling bullet hits the gnoll.
The gnoll is heavily wounded.
The gnoll hits you from afar with a +0 spear.
The gnoll closely misses you.
You shoot a sling bullet. The sling bullet hits the gnoll.
The gnoll is severely wounded.
The gnoll hits you from afar with a +0 spear.
179 ||| UPGRADING to +0 leather armour.
The gnoll hits you from afar with a +0 spear.
You stop removing your armour.
180 ||| UPGRADING to +0 leather armour.
The gnoll hits you but does no damage.
You stop removing your armour.
181 ||| UPGRADING to +0 leather armour.
The gnoll barely misses you.
You start removing your armour.
You continue taking off your +0 robe.
The gnoll barely misses you.
You continue taking off your +0 robe.
The gnoll closely misses you.
You continue taking off your +0 robe.
The gnoll hits you from afar with a +0 spear.
You continue taking off your +0 robe.
The gnoll barely misses you.
You finish taking off your +0 robe.
186 ||| UPGRADING to +0 robe.
The gnoll closely misses you.
You start putting on your armour.
You continue putting on your +0 robe.
The gnoll hits you from afar with a +0 spear!
Keep equipping yourself?
Ouch! That really hurt!
You die...

#.#.# #..........
.##...### #..........
...#....# #........#
.....##.###~......#
..#........#~.....# .
#........~......#
##..............##
########........####.
#......@.......
#...............
........~~g.......
##.......~........
#................
#....>.......~...
#...........~#~..
...............


You could see a gnoll.

Vanquished Creatures
  A quokka (D:1)
1 creature vanquished.

Notes
Turn   | Place    | Note
-------+----------+-------------------------------------------
     0 | D:1      | qw the Gargoyle Hexslinger began the quest for the Orb.
     0 | D:1      | Reached XP level 1. HP: 12/12 MP: 2/2
     0 | D:1      | 0 ||| qw: Version: 0.3-a-52-g30416fa
     0 | D:1      | 0 ||| qw: Game counter: 4658
     0 | D:1      | 0 ||| qw: Melee chars always use a shield: true
     0 | D:1      | 0 ||| qw: God list: Okawaru
     0 | D:1      | 0 ||| qw: Allow faded altars: false
     0 | D:1      | 0 ||| qw: Do Orc after clearing Dungeon:15 true
     0 | D:1      | 0 ||| qw: Do second Lair branch before Depths: true
     0 | D:1      | 0 ||| qw: Lair rune preference: random
     0 | D:1      | 0 ||| qw: Goals: Normal
     0 | D:1      | 0 ||| PLANNING D:1-11
    95 | D:1      | HP: 3/12 [quokka (4)]
   104 | D:1      | HP: 3/12 [quokka (2)]
   179 | D:1      | 179 ||| UPGRADING to +0 leather armour.
   179 | D:1      | HP: 3/12 [gnoll/+0 spear (3)]
   180 | D:1      | 180 ||| UPGRADING to +0 leather armour.
   181 | D:1      | 181 ||| UPGRADING to +0 leather armour.
   184 | D:1      | HP: 2/12 [gnoll/+0 spear (2)]
   186 | D:1      | 186 ||| UPGRADING to +0 robe.
   187 | D:1      | Slain by a gnoll

Levels and vault maps discovered:
D:1:      wheals_arrival_linesprint, layout_rooms, kennysheep_decorative_pillar,
          serial_bayou_pond_a

Action                     || total
---------------------------++-------
   Fire: Sling             ||    25
 Armour: Robe              ||     6
  Dodge: Dodged            ||    19

Table legend:
 A = Non-vault XP
 B = Vault XP
 C = Vault XP percentage of total XP
 D = Non-vault monster count
 E = Vault monster count
 F = Vault count percentage of total count
                 A         B        C        D         E       F
            +---------+---------+-------+---------+---------+-------
      Total |       2 |       0 |   0.0 |       1 |       0 |   0.0
            +---------+---------+-------+---------+---------+-------
        D:1 |       2 |       0 |   0.0 |       1 |       0 |   0.0
            +---------+---------+-------+---------+---------+-------
